 Dungeon Crawl Stone Soup version 0.31-a0-538-gbc85326fa9 (webtiles) character file.

Game seed: 18355790463624875707

851 randomguy2701 the Reanimator (level 7, -1/36 HPs)
             Began as a Deep Elf Necromancer on Aug 13, 2023.
             Was an Initiate of Sif Muna.
             Slain by an ufetubus (5 damage)
             ... on level 5 of the Dungeon.
             The game lasted 00:14:24 (4966 turns).

randomguy2701 the Reanimator (Deep Elf Necromancer) Turns: 4966, Time: 00:14:24

Health: -1/36      AC:  2    Str:  5    XL:     7   Next: 69%
Magic:  13/20      EV: 13    Int: 22    God:    Sif Muna [......]
Gold:   241        SH:  5    Dex: 15    Spells: 14/21 levels left

rFire   . . .        q - staff of poison
rCold   . . .        (no shield)
rNeg    . . .        a - +0 robe
rPois   +            (no helmet)
rElec   .            (no cloak)
rCorr   .            (no gloves)
SInv    .            (no boots)
Will    .....        w - amulet of reflection
Stlth   ++           (no ring)
HPRegen 0.26/turn    (no ring)
MPRegen 0.17/turn

%: reflection
@: no status effects
A: no striking features
a: Renounce Religion


You were on level 5 of the Dungeon.
You worshipped Sif Muna.
Sif Muna was noncommittal.
You visited 1 branch of the dungeon, and saw 5 of its levels.
You also visited: Sewer.

You collected 241 gold pieces.

Inventory:

Armour
 a - a +0 robe (worn)
Magical Staves
 q - a staff of poison (weapon)
Jewellery
 w - an amulet of reflection (around neck)
Wands
 r - a wand of iceblast (5)
 t - a wand of paralysis (8)
 v - a wand of light (8)
Scrolls
 c - a scroll of enchant armour {unknown}
 d - 2 scrolls of amnesia {unknown}
 f - 2 scrolls of teleportation {unknown}
 h - a scroll of revelation {unknown}
 i - 3 scrolls of enchant weapon {unknown}
 k - 2 scrolls of noise {unknown}
 s - a scroll of immolation {unknown}
 u - a scroll of identify {unknown}
Potions
 b - 2 potions of magic
 e - a potion of degeneration {unknown}
 g - 3 potions of mutation {unknown}
 j - 4 potions of curing {unknown}
 l - a potion of cancellation {unknown}
 m - 3 potions of resistance {unknown}
 n - a potion of brilliance {unknown}
 o - a potion of might {unknown}
 p - 2 potions of heal wounds {unknown}
 x - a potion of ambrosia {unknown}


   Skills:
 + Level 0.1 Fighting
 + Level 0.1 Staves
 + Level 3.8 Dodging
 + Level 2.9 Stealth
 + Level 0.1 Shields
 + Level 7.8 Spellcasting
 + Level 8.5 Necromancy
 * Level 1.3 Invocations


You had 14 spell levels left.
You knew the following spells:

 Your Spells              Type           Power      Damage    Failure   Level
a - Necrotise             Necr           100%       1d9       1%          1
b - Vampiric Draining     Necr           46%        2d9       1%          3
c - Stone Arrow           Conj/Erth      16%        3d8       22%         3

Your spell library contained the following spells:

 Spells                   Type           Power      Damage    Failure   Level
 Animate Dead             Necr           46%        N/A       2%          4
 Agony                    Necr           46%        N/A       6%          5
 Sandblast                Erth           16%        2d6       8%          1
 Passwall                 Tmut/Erth      6%         N/A       12%         2
 Dazzling Flash           Conj/Hex       16%        N/A       22%         3
 Volatile Blastmotes      Fire/Tloc      16%        2d11      22%         3
 Fireball                 Conj/Fire      4%         3d4       91%         5
 Iskenderun's Battlesphe  Conj           8%         2d6       91%         5
 Conjure Ball Lightning   Conj/Air       4%         3x3d6     100%        6
 Starburst                Conj/Fire      4%         6d3       100%        6
 Orb of Destruction       Conj           4%         9d5       100%        7
 Maxwell's Capacitive Co  Air            4%         ∞         100%        8


Dungeon Overview and Level Annotations

Branches:
Dungeon (5/15)              Sewer (visited)
 Temple: D:4-7

Altars:
Ashenzari
Gozag
Nemelex Xobeh
Sif Muna
Yredelemnul
The Shining One

Shops:
D:2 ([*[   D:5 =*

Annotations:
D:3 Grinder


Message History

You hit the ufetubus but do no damage.
The ufetubus is heavily wounded.
The ufetubus hits you but does no damage.
The ufetubus closely misses you. You block the ufetubus's attack.
The ufetubus misses you.
You hit the ufetubus.
The ufetubus is almost dead.
You block the ufetubus's attack. The ufetubus closely misses you.
The ufetubus barely misses you. The ufetubus misses you.
You barely miss the ufetubus.
The ufetubus is almost dead.
You block the ufetubus's attack. x2
You closely miss the ufetubus.
The ufetubus is almost dead.
The ufetubus closely misses you. The ufetubus hits you.
You block the ufetubus's attack. The ufetubus hits you.
You barely miss the ufetubus.
The ufetubus is almost dead.
The ufetubus misses you. The ufetubus barely misses you.
The ufetubus hits you. x2
You miss the ufetubus.
The ufetubus is almost dead.
The ufetubus hits you. The ufetubus misses you.
The ufetubus barely misses you. x2
You barely miss the ufetubus.
The ufetubus is almost dead.
The ufetubus hits you.
* * * LOW HITPOINT WARNING * * *
The ufetubus misses you. The ufetubus barely misses you.
The ufetubus closely misses you.
You closely miss the ufetubus.
The ufetubus is almost dead.
The ufetubus closely misses you. You block the ufetubus's attack.
You miss the ufetubus.
The ufetubus is almost dead.
You block the ufetubus's attack. The ufetubus barely misses you. x3
You barely miss the ufetubus.
The ufetubus is almost dead.
The ufetubus barely misses you. x2; The ufetubus hits you.
* * * LOW HITPOINT WARNING * * *
The ufetubus hits you.
You die...

.._[..#.#### #.#.#.######
.⌠.⌠#[#.# #.#.#.# .#.
#.#.# #.#.#.# # #.Z#
....#.# ##
##.####.#####.### .#
##Z...#........#
.###.####.#####.#.#
<#..####.# #.#.####
#.#.@.##.# #.#[#...
######.###5##.# #.....#.
...........##.######.##...
##.........h55.....#####
#......?.....########
...........##.#
..............#
...#.......#### .#
#.......#


You could see an ufetubus.

Vanquished Creatures
  An ogre (D:4)
  A phantom (D:5)
  A kobold brigand (Sewer)
  A scorpion (D:5)
  2 jellies
  A howler monkey (D:5)
  An orc priest (D:5)
  3 hounds
  3 orc wizards
  Ijyb (D:4)
  A gnoll (D:1)
  2 river rats (D:3)
  8 adders
  6 dart slugs
  9 orcs
  12 ball pythons
  7 endoplasms
  7 giant cockroaches
  10 hobgoblins
  4 quokkas
  7 bats
  6 frilled lizards
  7 goblins
  19 kobolds
  10 rats
130 creatures vanquished.

Vanquished Creatures (collateral kills)
  A ball python (D:1)
  3 goblins
  A hobgoblin (D:1)
  A bat (Sewer)
  2 frilled lizards
  A rat (D:3)
9 creatures vanquished.

Grand Total: 139 creatures vanquished

Notes
Turn   | Place    | Note
-------+----------+-------------------------------------------
     0 | D:1      | randomguy2701 the Deep Elf Necromancer began the quest for
                  | the Orb.
     0 | D:1      | Reached XP level 1. HP: 10/10 MP: 6/6
    37 | D:1      | Reached skill level 5 in Necromancy
   125 | D:1      | Reached XP level 2. HP: 15/15 MP: 5/8
   461 | D:1      | Reached XP level 3. HP: 19/19 MP: 3/10
   897 | D:2      | Reached skill level 6 in Necromancy
   948 | D:2      | Found Wayrydal's Weapon Shoppe.
   987 | D:2      | Found Daclilok's General Store.
  1026 | D:2      | Found Xetsid's Antique Armour Boutique.
  1051 | D:2      | Found Huneovog's General Store.
  1275 | D:2      | Reached XP level 4. HP: 24/24 MP: 9/12
  1410 | D:2      | Found Furammue's Armour Shop.
  1536 | D:3      | Found a basalt altar of Yredelemnul.
  1635 | D:3      | Noticed Grinder
  1714 | D:3      | Found a glowing golden altar of the Shining One.
  1746 | D:3      | Found a broken altar of Ashenzari.
  1750 | D:3      | Saw a vision of the Shoals and the Spider Nest.
  1750 | D:3      | Noticed a torpor snail
  1750 | D:3      | Noticed a tarantella
  1750 | D:3      | Noticed a tarantella
  1750 | D:3      | Noticed a jumping spider
  1750 | D:3      | Noticed an entropy weaver
  1750 | D:3      | Noticed a tarantella
  1750 | D:3      | Noticed a demonic crawler
  1750 | D:3      | Noticed a wolf spider
  1750 | D:3      | Noticed a sea snake
  1750 | D:3      | Noticed a snapping turtle
  1750 | D:3      | Noticed a merfolk
  1750 | D:3      | Noticed a wind drake
  1750 | D:3      | Noticed a wind drake
  1750 | D:3      | Noticed a sea snake
  1750 | D:3      | Noticed a merfolk aquamancer
  1750 | D:3      | Noticed a snapping turtle
  1750 | D:3      | Noticed a demonic crawler
  1751 | D:3      | Noticed a redback
  1752 | D:3      | Noticed a steelbarb worm
  1752 | D:3      | Noticed a tarantella
  1752 | D:3      | Noticed a wind drake
  1752 | D:3      | Noticed a merfolk
  1752 | D:3      | Noticed a harpy
  1753 | D:3      | Noticed a redback
  1755 | D:3      | Noticed a redback
  1828 | D:3      | Found a glowing drain.
  1919 | Sewer    | Entered a sewer
  2022 | Sewer    | Learned a level 3 spell: Vampiric Draining
  2026 | Sewer    | Learned a level 3 spell: Stone Arrow
  2076 | Sewer    | Noticed a kobold brigand
  2085 | Sewer    | Killed a kobold brigand
  2086 | Sewer    | Reached skill level 5 in Spellcasting
  2086 | Sewer    | Reached skill level 7 in Necromancy
  2086 | Sewer    | Reached XP level 5. HP: 15/28 MP: 3/14
  2905 | D:4      | Noticed Ijyb
  2918 | D:4      | Killed Ijyb
  3130 | D:4      | Reached XP level 6. HP: 32/32 MP: 12/17
  3858 | D:4      | Reached XP level 7. HP: 36/36 MP: 16/19
  4026 | D:5      | Entered Level 5 of the Dungeon
  4049 | D:5      | Found an opulent altar of Gozag.
  4054 | D:5      | Found Gozag's Platinum Reserve.
  4077 | D:5      | Found a shimmering blue altar of Sif Muna.
  4096 | D:5      | Found Toall's Jewellery Shop.
  4197 | D:5      | Became a worshipper of Sif Muna the Loreminder
  4208 | D:5      | Reached skill level 8 in Necromancy
  4872 | D:5      | Reached skill level 1 in Invocations
  4894 | D:5      | Found a sparkling altar of Nemelex Xobeh.
  4966 | D:5      | Slain by an ufetubus

Illustrated notes

Levels and vault maps discovered:
D:1:      zaba_arrival_water, layout_rooms, minivault_24
D:2:      layout_rooms, serial_shops, nicolae_shop_statue_plus,
          nicolae_shop_rolling_square, shop_statue, nicolae_shop_behind_doors,
          shop_fountains
D:3:      layout_rooms, mainiacjoe_overflow_tiny_flanked,
          grunt_ashenzari_visionary [grunt_ashenzari_visionary_shoals,
          grunt_ashenzari_visionary_spider], mainiacjoe_overflow_cross_hatched,
          portal_sewer_entry_e, nicolae_the_louvre, uniq_grinder
D:4:      layout_basic, serial_rivers, chequers_serial_rivers_micro_a,
          chequers_serial_rivers_small_3, chequers_serial_rivers_micro_e,
          chequers_serial_rivers_micro_c, minmay_misc_feat_four_crosses,
          minmay_fractal_squares_gapless_5, uniq_ijyb
D:5:      layout_loops_ring, nicolae_gozag_zags_fifth_avenue,
          nemelex_xobeh_ov_fountains_minmay,
          nicolae_dithmenos_through_a_glass_darkly, kennysheep_mini,
          serial_shops, shop

Skill      XL: |  1  2  3  4  5  6  7 |
---------------+----------------------+-----
Necromancy     | 5 6 7 8 |  8.5
Spellcasting   | 4 5 6 7 |  7.8
Dodging        | 3 |  3.8
Invocations    | 1 |  1.3
Fighting       | |  0.1
Staves         | |  0.1
Stealth        | |  2.9
Shields        | |  0.1

Action                     |  1- 3 |  4- 6 |  7- 9 || total
---------------------------+-------+-------+-------++-------
  Melee: Unarmed           |     1 |     1 |       ||     2
         Staff             |       |     1 |    38 ||    39
   Cast: Necrotise         |    61 |   169 |    30 ||   260
         Vampiric Draining |       |     4 |    10 ||    14
  Evoke: Wand              |       |       |     4 ||     4
 Armour: Robe              |     5 |     5 |     7 ||    17
  Dodge: Dodged            |    11 |    32 |    76 ||   119
  Block: Other             |       |       |    28 ||    28

Table legend: (Time is in decaauts)
 A = Elapsed time spent in this place.
 B = Non-inter-level travel time spent in this place.
 C = Inter-level travel time spent in this place.
 D = Time resting spent in this place.
 E = Time spent auto-exploring this place.
 F = Levels seen in this place.
 G = Mean time per level.
                   A        B        C        D        E       F      G
               +--------+--------+--------+--------+--------+-----+--------+
         Total |   5017 |   4913 |    104 |     84 |   3849 |   6 |  836.2 |
       Dungeon |   4404 |   4300 |    104 |     84 |   3379 |   5 |  880.8 |
         Sewer |    612 |    612 |      0 |      0 |    469 |   1 |  612.0 |
               +--------+--------+--------+--------+--------+-----+--------+

Top non-repeatable levels by time:
     D:4: 1124 daAuts
     D:5: 947 daAuts
     D:1: 797 daAuts
     D:3: 787 daAuts
     D:2: 748 daAuts
   Sewer: 612 daAuts
